AoeStats
← Hotsochu

Golden Pit

509686211Analyzed
1v1 RM · 3d ago on Sep 27, 2026· 55m 30s· 2 players
Game mode
Random Map
Map size
Tiny (2 player)
Population
200
Speed
Normal
Resources
Standard
Victory
Conquest
Starting age
Dark Age
Ending age
Imperial Age
RankedLock teamsTeams togetherTeam positionsShared explorationLock speedFull tech treeHidden civsTurbo modeCheats
Victory
Defeat
🇫🇮 Malians · Finland
810
+17
🇩🇪 Koreans · Germany
829
-17
Hotsochu
4:25 Loom
11:21 Feudal Age
12:09 Double-Bit Axe
15:11 Man-at-Arms
18:14 Scale Barding Armor
18:33 Arson
19:41 Forging
19:35 Scale Mail Armor
20:17 Fletching
25:12 Castle Age
26:47 Bodkin Arrow
34:53 Squires
35:38 Forging
37:16 Chain Mail Armor
38:33 Bow Saw
38:48 Horse Collar
40:39 Iron Casting
43:44 Gold Mining
53:50 Imperial Age
Adew
0:42 Loom
13:03 Feudal Age
14:03 Fletching
23:29 Double-Bit Axe
30:31 Castle Age
28:38 Horse Collar
35:23 Bodkin Arrow
38:47 Ballistics
Connection lost

Rejoining the realm…

Still unreachable

The connection could not be restored.

Session expired

The server has moved on; the page needs a fresh start.